 Dungeon Crawl Stone Soup version 0.23.1 (webtiles) character file.

Game seed: 0

30 Borgoz the Sneak (level 3, -3/26 (27) HPs)
             Began as a Ghoul Enchanter on Mar 8, 2019.
             Slain by a worm (4 damage)
             ... on level 2 of the Dungeon.
             The game lasted 00:01:59 (1065 turns).

Borgoz the Sneak (Ghoul Enchanter)                  Turns: 1065, Time: 00:02:01

HP:   -3/26 (27)    AC:  3    Str: 11    XL:     3   Next: 20%
MP:   5/5           EV: 11    Int: 10    God:
Gold: 75            SH:  0    Dex: 10    Spells: 5/6 levels left

rFire    + + .     SeeInvis .   i - +0 short sword
rCold    + + .     Gourm    .   (no shield)
rNeg     + + +     Faith    .   h - +0 leather armour {rF+}
rPois    ∞         Spirit   .   (no helmet)
rElec    +         Reflect  .   (no cloak)
rCorr    +         Harm     .   (no gloves)
MR       .....                  (no boots)
Stlth    ++........             e - amulet of the acrobat
HPRegen  0.00/turn              (no ring)
MPRegen  0.09/turn              (no ring)

@: resistant, rotting
A: rotting body, claws 1, carnivore, cold resistance 1, negative energy
resistance 3, inhibited regeneration, torment resistance, unbreathing
a: no special abilities


You were on level 2 of the Dungeon.
You were not hungry.

You visited 1 branch of the dungeon, and saw 2 of its levels.

You collected 75 gold pieces.

Inventory:

Hand Weapons
 i - a +0 short sword (weapon)
Armour
 h - a +0 leather armour of fire resistance (worn)
 j - a +0 ring mail
Jewellery
 e - an amulet of the acrobat (around neck)
 k - an uncursed ring of stealth {unknown}
Scrolls
 a - a scroll of noise {unknown}
 b - a scroll of amnesia {unknown}
 f - 2 scrolls of remove curse {unknown}
 g - a scroll of teleportation {unknown}
Comestibles
 d - 5 rations


   Skills:
 + Level 0.9 Fighting
 * Level 1.5 Short Blades
 * Level 1.0 Armour
 + Level 1.9 Dodging
 + Level 3.4 Stealth
 + Level 2.0 Spellcasting
 - Level 2.4 Hexes


You had 5 spell levels left.
You knew the following spells:

 Your Spells              Type           Power        Failure   Level  Hunger
a - Corona                Hex            #......      16%         1    ##.....

Your spell library contained the following spells:

 Spells                   Type           Power        Failure   Level  Hunger
 Ensorcelled Hibernation  Hex/Ice        #.....       36%         2    ###....
 Confuse                  Hex            #.......     43%         3    ####...
 Tukima's Dance           Hex            #.......     43%         3    ####...
 Dazzling Spray           Conj/Hex       #.....       58%         3    ####...


Dungeon Overview and Level Annotations

Branches:
Dungeon (2/15)

Altars:


Innate Abilities, Weirdness & Mutations

Your body is rotting away.
You thrive on raw meat.
You are immune to poison.
You have sharp fingernails.
You are carnivorous and can eat meat at any time.
Your flesh is cold resistant. (rC+)
You are immune to negative energy. (rN+++)
You do not regenerate when monsters are visible.
You are immune to unholy pain and torment.
You can survive without breathing.


Message History

The adder misses you. The worm closely misses you. The adder bites you.
* * * LOW HITPOINT WARNING * * *
You closely miss the adder.
The adder is severely wounded.
The adder bites you.
* * * LOW HITPOINT WARNING * * *
The adder bites you but does no damage.
You hit the adder but do no damage.
The adder is severely wounded.
The adder barely misses you.
It was a potion of resistance.
You feel protected. The adder bites you.
* * * LOW HITPOINT WARNING * * *
The worm closely misses you.
You hit the adder.
The adder is almost dead.
The adder barely misses you. The adder misses you. The worm bites you.
You die...

#>.
##..####..
#. ##.#...
#. #.#.#####
#.......#
###.....#
#####......#
......#....#
##.....w...#
#..####S@..#
...# #....#
.## #....#
#.?..#
#....#
######


You could see a worm and an adder.

Vanquished Creatures
  An ooze (D:1)
  4 bats (D:1)
  7 goblins (D:1)
  3 hobgoblins
  4 kobolds (D:1)
  A frilled lizard (D:1)
  3 rats (D:1)
23 creatures vanquished.

Notes
Turn   | Place    | Note
-------+----------+-------------------------------------------
     0 | D:1      | Borgoz the Ghoul Enchanter began the quest for the Orb.
     0 | D:1      | Reached XP level 1. HP: 14/14 MP: 2/2
    64 | D:1      | Reached skill level 1 in Short Blades
   287 | D:1      | Reached XP level 2. HP: 20/20 MP: 3/3
   710 | D:1      | Reached skill level 1 in Armour
   792 | D:1      | Reached XP level 3. HP: 23/26 MP: 4/4
  1064 | D:2      | HP: 1/26 [adder (2)]
  1065 | D:2      | Slain by a worm

Skill      XL: |  1  2  3 |
---------------+----------+-----
Short Blades   | 1 |  1.5
Armour         | 1 |  1.0
Spellcasting   | 2 |  2.0
Fighting       | |  0.9
Dodging        | |  1.9
Stealth        | |  3.4
Hexes          | |  2.4

Action                   || total
-------------------------++-------
Melee: Short sword       ||    90
       Dagger            ||     7
  Use: Potion            ||     1
 Stab: Sleeping          ||     4
  Eat: Chunk             ||     3
Armor: Robe              ||     1
       Leather armour    ||    29
Dodge: Dodged            ||    73
